Map: Glittering Ashes LE

Players

Euler - Winner!

  • Race: Zerg Zerg
  • League: Diamond
  • Spawn Location: 1:00

MyWay

  • Race: Terran Terran
  • League: Platinum
  • Spawn Location: 7:00

VOD

Have the link to the VOD?

Description

Time

  • Played on: June 14, 2022, 5:47 a.m.
  • Length: 17:10
Show
View Real Time Build Order
Export as new Build Order

Euler Zerg - Winner!

Build Orders: Hatch First 

Get SALT Encoding   

  12  0:00  Drone  
  13  0:13  Overlord  
  13  0:18  Drone  
  14  0:31  Drone x2  
  14  0:34  Drone  
  17  0:51  Hatchery  
  17  0:55  Drone  
  17  0:58  Drone  
  18  1:09  Extractor  
  17  1:13  Spawning Pool  
  17  1:16  Drone  
  17  1:19  Drone  
  18  1:28  Drone  
  19  1:39  Drone  
  20  1:51  Overlord  
  21  2:01  Zergling x2  
  21  2:03  Queen x2  
  21  2:04  Zergling x2  
  26  2:13  Metabolic Boost  
  26  2:25  Drone x3  
  26  2:26  Drone  
  29  2:41  Overlord  
  29  2:52  Drone  
  29  2:53  Drone x2  
  29  2:58  Queen, Hatchery  
  33  3:07  Drone x3  
  36  3:16  Drone x6  
  36  3:18  Drone  
  43  3:23  Overlord  
  43  3:26  Overlord  
  43  3:31  Extractor  
  43  3:32  Extractor  
  41  3:44  Drone x5  
  46  3:49  Lair  
  46  3:57  Drone x2  
  48  4:18  Zergling x12  
  48  4:19  Zergling x10  
  48  4:23  Overlord x2  
  48  4:24  Overlord  
  59  4:34  Baneling Nest, Overlord x2  
  59  4:35  Overlord  
  58  4:41  Queen  
  60  4:54  Drone x10  
  70  5:02  Overlord  
  70  5:21  Spire  
  70  5:22  Centrifugal Hooks  
  70  5:25  Drone x6  
  70  5:26  Drone x5  
  80  5:37  Drone x3, Extractor  
  80  5:38  Drone  
  80  5:39  Extractor  
  82  5:44  Zergling x2  
  80  6:15  Spore Crawler x2  
  78  6:24  Hatchery  
  77  6:35  Extractor  
  77  6:37  Mutalisk x9  
  77  6:39  Extractor  
  92  6:43  Drone x3  
  92  6:44  Hatchery  
  94  6:48  Zergling x18  
  103  7:02  Mutalisk  
  103  7:05  Overlord x4  
  105  7:12  Zerg Flyer Armor Level 1  
  105  7:13  Evolution Chamber  
  105  7:14  Evolution Chamber  
  105  7:15  Drone x3  
  106  7:40  Zerg Ground Armor Level 1, Zerg Melee Weapons Level 1  
  105  7:59  Zergling x42  
  126  8:20  Mutalisk x5  
  126  8:21  Mutalisk x4  
  126  8:26  Drone x2  
  126  8:27  Drone x3  
  147  8:30  Overlord  
  149  8:47  Queen  
  151  8:50  Zergling x10  
  151  8:51  Zergling x4  
  151  8:53  Overlord x3  
  151  8:54  Overlord x5  
  158  8:59  Baneling x17  
  158  9:08  Spire  
  158  9:09  Infestation Pit  
  156  9:14  Spore Crawler  
  156  9:15  Drone x8  
  156  9:16  Spore Crawler  
  148  9:50  Zergling x20  
  148  9:51  Zergling x20  
  129  10:10  Zerg Melee Weapons Level 2, Zerg Ground Armor Level 2  
  129  10:12  Hive  
  127  10:19  Drone x2  
  127  10:20  Drone  
  125  10:22  Zergling x18  
  125  10:23  Zergling x4  
  125  10:27  Zerg Flyer Weapons Level 1  
  125  10:28  Zerg Flyer Armor Level 2, Extractor  
  135  10:41  Spore Crawler  
  134  10:47  Zergling x18  
  134  10:48  Zergling x14  
  149  10:50  Baneling x7  
  149  11:10  Zergling x24  
  131  11:25  Zergling x14  
  131  11:26  Zergling x2  
  131  11:36  Adrenal Glands  
  129  11:45  Zergling x30  
  123  12:04  Zergling x16  
  123  12:06  Baneling x8  
  123  12:07  Baneling x2  
  121  12:22  Extractor  
  120  12:33  Zergling x34  
  137  12:37  Mutalisk x3  
  143  12:53  Zergling x16  
  151  13:04  Zergling x12  
  151  13:05  Zergling x8  
  141  13:09  Baneling x4  
  131  13:22  Mutalisk x7  
  140  13:31  Hatchery  
  139  13:35  Zerg Ground Armor Level 3, Zerg Melee Weapons Level 3  
  139  13:39  Hatchery, Greater Spire  
  139  13:40  Zerg Flyer Armor Level 3  
  138  13:58  Baneling  
  138  13:59  Baneling x3  
  138  14:04  Mutalisk x10  
  138  14:09  Zergling x14  
  164  14:10  Zergling x2  
  125  14:25  Zergling x10  
  125  14:26  Zergling x8  
  122  14:44  Corruptor x10  
  142  14:58  Zergling x18  
  135  15:22  Brood Lord x5  
  135  15:23  Brood Lord  
  147  15:36  Zergling x14  
  147  15:37  Zergling x4  
  154  15:47  Zergling x6  
  154  15:49  Baneling x3  
  157  15:50  Baneling x2  
  157  15:52  Drone  
  157  15:53  Drone  
  157  15:55  Drone  
  157  15:56  Drone  
  161  15:58  Drone  
  140  16:27  Zergling x40  
  140  16:30  Baneling  
  140  16:31  Baneling x5  
  160  16:41  Zergling x16  
Show
View Real Time Build Order
Export as new Build Order

MyWay Terran 

Build Orders: Reaper Expand 

Get SALT Encoding   

  12  0:01  SCV  
  13  0:13  SCV  
  14  0:17  Supply Depot  
  14  0:25  SCV  
  15  0:39  SCV  
  15  0:40  Barracks  
  16  0:46  Refinery  
  16  0:51  SCV  
  17  1:03  SCV  
  18  1:15  SCV  
  19  1:28  Reaper  
  19  1:29  Orbital Command  
  20  1:43  Command Center  
  20  1:50  Supply Depot  
  20  1:55  SCV  
  21  2:06  Barracks Reactor  
  21  2:07  SCV  
  22  2:19  SCV  
  22  2:21  Refinery  
  23  2:23  Factory  
  23  2:31  SCV  
  24  2:43  Marine x2  
  26  2:47  SCV  
  27  2:57  Orbital Command  
  27  3:01  Command Center  
  27  3:03  SCV  
  28  3:17  Barracks Tech Lab  
  28  3:24  Hellion x2  
  28  3:26  SCV x2  
  34  3:40  Stimpack  
  34  3:41  Marine  
  34  3:45  SCV x2  
  34  3:46  Starport, Hellion  
  38  3:57  SCV  
  38  3:59  Bunker  
  38  4:02  Marine  
  39  4:05  Hellion  
  39  4:08  SCV, Hellion  
  45  4:14  Orbital Command  
  45  4:16  SCV  
  46  4:20  SCV  
  46  4:24  Engineering Bay  
  47  4:37  Barracks  
  47  4:40  Factory Tech Lab  
  47  4:42  Medivac  
  47  4:43  Barracks, Medivac  
  51  4:47  SCV x2  
  51  4:48  SCV  
  51  4:52  Marine  
  55  5:00  SCV  
  55  5:04  Supply Depot  
  55  5:05  SCV  
  55  5:06  Supply Depot  
  57  5:07  Refinery  
  57  5:08  Refinery, SCV  
  57  5:10  Terran Infantry Weapons Level 1  
  58  5:24  Combat Shield  
  58  5:26  Barracks Tech Lab  
  58  5:27  Barracks Reactor  
  58  5:28  Marine  
  58  5:30  Barracks Reactor  
  58  5:33  Siege Tank  
  58  5:34  SCV x3  
  65  5:45  Engineering Bay, Armory  
  65  5:46  SCV x2  
  67  5:54  Marine  
  68  6:03  SCV x3  
  68  6:04  Marine x2  
  71  6:12  Marine  
  71  6:18  Marine x2  
  66  6:21  Missile Turret x2  
  68  6:25  Missile Turret  
  68  6:32  Orbital Command  
  68  6:47  Marine x5  
  68  6:51  SCV  
  68  6:52  SCV  
  75  6:58  SCV  
  76  7:03  SCV  
  76  7:06  Supply Depot  
  76  7:07  Supply Depot  
  77  7:16  Marine, SCV x3  
  77  7:20  Marine x2, Marauder  
  77  7:21  Marine  
  77  7:22  Medivac x2  
  90  7:23  Siege Tank  
  90  7:25  Terran Infantry Armor Level 1, Terran Infantry Weapons Level 2  
  90  7:26  Terran Ship Weapons Level 1  
  93  7:30  Missile Turret  
  93  7:33  Marine  
  93  7:34  Barracks, SCV x2  
  93  7:35  SCV  
  93  7:36  Barracks  
  97  7:40  Missile Turret  
  97  7:46  SCV x2  
  97  7:47  SCV  
  97  7:50  Command Center  
  100  7:52  Missile Turret  
  100  7:58  SCV x2  
  101  8:01  SCV  
  101  8:04  Marine x3, Marauder  
  101  8:05  Marine  
  109  8:15  Supply Depot  
  109  8:16  Supply Depot  
  107  8:30  Barracks Tech Lab, Barracks Reactor  
  107  8:31  Marine x2  
  109  8:36  Siege Tank, Marine x2  
  109  8:37  Liberator x2, Marauder  
  109  8:39  Supply Depot  
  109  8:40  Supply Depot x2  
  122  8:50  Missile Turret  
  122  8:54  Missile Turret, Refinery  
  122  8:56  Refinery  
  122  9:01  Marauder  
  124  9:09  Ghost Academy  
  124  9:15  Marine  
  124  9:16  Marine x6  
  131  9:19  Thor  
  131  9:20  Liberator x2  
  143  9:44  Missile Turret, Marine x2  
  116  9:55  Orbital Command  
  113  10:00  Marine x3  
  117  10:09  Marine  
  117  10:23  Marine x3  
  117  10:24  Marine x3  
  117  10:27  Marine  
  124  10:41  Supply Depot  
  124  10:43  Supply Depot  
  124  10:44  Supply Depot  
  124  10:46  Supply Depot  
  124  10:47  Planetary Fortress  
  124  11:03  Liberator, Siege Tank, Marine x2  
  132  11:04  Liberator, Marine  
  132  11:05  Marauder  
  119  11:27  Marine x6  
  119  11:28  Marine  
  105  11:35  Thor  
  108  11:44  Marine  
  108  11:45  Liberator, Marine x5  
  117  11:47  Liberator  
  113  12:02  Marine  
  113  12:04  Missile Turret  
  113  12:06  SCV  
  113  12:07  SCV  
  113  12:08  Missile Turret, SCV  
  116  12:09  Missile Turret  
  116  12:10  Missile Turret  
  116  12:11  Marine x3  
  116  12:12  Marine x2  
  116  12:13  Marine  
  116  12:14  Terran Infantry Weapons Level 3, Terran Infantry Armor Level 2  
  122  12:16  Supply Depot  
  122  12:17  Terran Ship Weapons Level 2  
  122  12:18  Personal Cloaking  
  122  12:19  Thor  
  122  12:20  Marine  
  129  12:25  SCV  
  129  12:28  Medivac  
  132  12:30  Medivac  
  132  12:31  Supply Depot  
  132  12:33  Supply Depot  
  134  12:38  Supply Depot  
  134  12:40  Command Center  
  134  12:43  Command Center  
  131  12:48  Command Center  
  129  12:56  Missile Turret  
  129  13:05  Marine x3  
  129  13:06  Marine x4  
  129  13:07  Thor  
  129  13:09  Medivac x2  
  146  13:17  SCV  
  147  13:23  Marine x4  
  147  13:24  Marine  
  152  13:29  Missile Turret  
  152  13:39  Marine  
  152  13:40  Marine  
  154  13:46  Barracks  
  154  13:50  Barracks  
  154  13:57  Ghost  
  120  14:26  Ghost  
  120  14:28  Marine x4  
  120  14:29  Thor, Marine  
  120  14:30  Liberator  
  120  14:31  Liberator  
  126  14:46  Marine x2  
  126  14:47  Barracks  
  126  14:51  Orbital Command  
  126  14:52  Command Center  
  125  14:54  Marine  
  123  15:15  Marine x5  
  123  15:16  Marine x3  
  131  15:24  Thor  
  131  15:25  Liberator  
  131  15:26  Liberator  
  143  15:33  Marine x6  
  149  15:38  Marine  
  149  15:39  Marine  
  151  15:51  Marine x4  
  151  15:52  Marine x3  
  151  15:56  Marine  
  159  16:08  Marine x2  
  159  16:09  Marine x3  
  161  16:20  Command Center  
  147  16:38  Marine x2  
  147  16:39  Marine x6  
  153  16:46  Command Center  
Tags
 
Add a new tag
Caveats
  • Supply blocks, unpowered buildings, or Contaminate may cause inaccurate times.
  • Supply counts are checked every 10 seconds.